Map: 乌雷纳

Players

welldone

  • Race: Zerg Zerg

Quail - Winner!

  • Race: Protoss Protoss
  • League: Diamond

VOD

Have the link to the VOD?

Description

Time

  • Played on: Dec. 5, 2015, 8:59 a.m.
  • Length: 20:50
Show
View Real Time Build Order
Export as new Build Order

welldone Zerg 

Build Orders: Hatch First, Lurkers 

Get SALT Encoding   

  12  0:01  Drone  
  13  0:12  Overlord  
  13  0:17  Drone  
  14  0:31  Drone x2  
  16  0:35  Drone  
  17  0:55  Drone  
  18  0:57  Hatchery  
  17  1:06  Drone  
  17  1:10  Extractor  
  17  1:22  Drone x2  
  17  1:24  Spawning Pool  
  18  1:38  Drone  
  19  2:06  Drone  
  19  2:07  Evolution Chamber  
  19  2:11  Queen x2  
  19  2:14  Zergling x6  
  26  2:22  Overlord  
  26  2:28  Drone  
  27  2:45  Metabolic Boost  
  27  2:49  Drone  
  27  2:50  Drone x4  
  32  3:00  Spore Crawler  
  31  3:16  Drone x5  
  36  3:25  Extractor  
  36  3:26  Hatchery  
  34  3:29  Zerg Melee Weapons Level 1  
  34  3:32  Zergling x4  
  36  3:35  Lair  
  36  3:39  Extractor  
  35  3:43  Overlord  
  35  4:01  Drone  
  36  4:14  Overlord  
  35  4:33  Drone x3  
  35  4:34  Drone x5  
  35  4:37  Hydralisk Den  
  42  4:44  Queen  
  44  5:02  Drone  
  44  5:03  Drone x3  
  47  5:10  Spore Crawler  
  43  5:19  Spore Crawler  
  42  5:28  Drone  
  42  5:29  Drone x6  
  42  5:30  Overlord x2  
  42  5:35  Muscular Augments  
  45  6:04  Drone  
  45  6:05  Drone x11  
  57  6:13  Zerg Missile Weapons Level 1  
  57  6:16  Drone  
  57  6:17  Drone x2  
  60  6:20  Extractor  
  59  6:26  Overlord, Extractor  
  58  6:36  Drone x2  
  60  6:40  Hydralisk x2  
  64  6:50  Hydralisk x5, Infestation Pit  
  73  6:55  Lurker Den  
  73  7:05  Overlord x2  
  69  7:27  Hydralisk x2  
  69  7:28  Hydralisk x8  
  89  7:30  Overlord  
  89  7:31  Overlord  
  89  7:46  Overlord  
  89  7:48  Queen  
  91  7:52  Overseer  
  91  7:56  Drone  
  91  7:57  Drone x4  
  96  8:00  Drone x4  
  100  8:07  Zerg Ground Armor Level 1  
  100  8:13  Evolution Chamber  
  100  8:17  Overlord  
  100  8:18  Hydralisk x2  
  100  8:19  Hydralisk x5  
  113  8:22  Overlord  
  113  8:41  Lurker  
  113  8:46  Zergling x6  
  113  8:47  Zergling x16  
  125  8:52  Hatchery  
  124  8:57  Hydralisk  
  124  8:58  Hydralisk  
  126  9:12  Lurker x4  
  107  9:30  Hydralisk x9  
  99  9:37  Lurker  
  99  9:38  Lurker x2  
  100  9:43  Zergling x2  
  100  9:44  Zergling x6  
  104  9:48  Hive  
  88  10:07  Drone x7, Spire  
  89  10:08  Queen  
  96  10:15  Pneumatized Carapace  
  95  10:23  Zerg Ground Armor Level 2  
  95  10:24  Zerg Missile Weapons Level 2  
  95  10:27  Hydralisk  
  95  10:28  Hydralisk x13  
  112  11:00  Lurker x2  
  112  11:01  Lurker x2  
  116  11:07  Extractor  
  115  11:15  Extractor  
  114  11:21  Ultralisk Cavern  
  113  11:34  Overseer  
  113  11:37  Drone x3  
  116  11:45  Drone x5, Extractor  
  120  11:49  Overlord x5  
  120  11:50  Overlord x2  
  120  11:58  Adrenal Glands  
  120  11:59  Zergling x2  
  120  12:00  Zergling x14  
  128  12:14  Ultralisk x3  
  146  12:17  Chitinous Plating  
  146  12:19  Zergling x16  
  146  12:20  Zergling x16  
  162  12:38  Hatchery  
  162  12:41  Zerg Ground Armor Level 3  
  162  12:43  Zerg Melee Weapons Level 2  
  161  12:50  Ultralisk  
  167  13:14  Drone  
  167  13:16  Viper  
  167  13:17  Viper x2  
  170  14:02  Viper x2  
  176  14:03  Overlord x5  
  176  14:05  Zerg Flyer Armor Level 1  
  176  14:13  Extractor  
  176  14:14  Extractor  
  161  14:37  Hydralisk x9  
  161  14:38  Hydralisk x15  
  161  14:43  Hydralisk  
  161  14:44  Hydralisk  
  147  14:55  Hydralisk  
  147  14:56  Hydralisk x3  
  147  14:58  Zergling x2  
  147  14:59  Zergling x36  
  171  15:00  Zergling x16  
  161  15:21  Zergling x2  
  161  15:22  Zergling x16  
  138  15:39  Hydralisk x5  
  126  15:45  Drone x3  
  105  16:01  Zergling x6  
  105  16:02  Zergling x4  
  81  16:22  Hydralisk x5  
  71  16:36  Drone  
  71  16:37  Drone x3  
  71  16:46  Hydralisk  
  73  17:04  Drone  
  73  17:05  Drone  
  73  17:06  Drone  
  76  17:11  Zergling x2  
  76  17:12  Zergling x12  
  73  17:49  Drone x3  
  73  17:50  Drone  
  76  18:15  Drone x3  
  79  18:35  Overseer  
  79  18:37  Hatchery  
  79  18:40  Drone  
  79  18:41  Drone x2  
  79  19:05  Drone x3  
  82  19:12  Drone  
  82  19:13  Drone x10  
  93  19:37  Hydralisk  
  93  19:38  Hydralisk x5  
  104  19:45  Drone  
  104  19:46  Drone  
  104  19:48  Drone  
  104  19:49  Drone x2  
  92  20:08  Zergling x2  
  92  20:09  Zergling x18  
Show
View Real Time Build Order
Export as new Build Order

Quail Protoss - Winner!

Build Orders: 1 Gate Expand 

Get SALT Encoding   

  12  0:01  Probe (Chrono Boost)  
  13  0:11  Probe (Chrono Boost)  
  14  0:18  Pylon  
  14  0:22  Probe (Chrono Boost)  
  15  0:36  Probe (Chrono Boost)  
  15  0:39  Gateway  
  16  0:45  Assimilator  
  16  0:52  Probe (Chrono Boost)  
  17  1:03  Probe (Chrono Boost)  
  18  1:13  Probe (Chrono Boost)  
  19  1:24  Probe (Chrono Boost)  
  20  1:27  Cybernetics Core  
  20  1:42  Nexus  
  20  1:50  Pylon  
  20  1:54  Probe (Chrono Boost)  
  21  2:02  Assimilator  
  21  2:05  Adept  
  23  2:12  Probe (Chrono Boost)  
  24  2:23  Mothership Core (Chrono Boost)  
  24  2:24  Warp Gate  
  26  2:32  Adept  
  28  2:41  Probe (Chrono Boost)  
  29  2:52  Probe (Chrono Boost)  
  29  2:54  Probe (Chrono Boost)  
  29  2:57  Gateway  
  31  3:02  Probe (Chrono Boost)  
  32  3:06  Probe (Chrono Boost)  
  32  3:11  Pylon  
  33  3:13  Probe (Chrono Boost)  
  33  3:15  Sentry  
  33  3:17  Probe (Chrono Boost)  
  37  3:23  Probe (Chrono Boost)  
  37  3:24  Stargate  
  38  3:27  Probe (Chrono Boost)  
  40  3:34  Probe (Chrono Boost)  
  40  3:38  Probe (Chrono Boost)  
  41  3:43  Assimilator  
  41  3:45  Probe (Chrono Boost)  
  41  3:46  Assimilator  
  42  3:49  Probe (Chrono Boost)  
  42  3:51  Gateway  
  42  3:55  Probe (Chrono Boost)  
  44  3:57  Sentry  
  44  3:59  Probe (Chrono Boost)  
  47  4:06  Probe (Chrono Boost), Oracle (Chrono Boost)  
  52  4:10  Probe (Chrono Boost)  
  52  4:16  Probe (Chrono Boost)  
  53  4:19  Pylon  
  53  4:20  Probe (Chrono Boost)  
  52  4:30  Adept x2  
  54  4:37  Probe, Pylon  
  55  4:39  Stalker  
  55  4:44  Probe, Pylon  
  58  4:49  Probe  
  58  4:50  Oracle (Chrono Boost)  
  62  4:58  Gateway  
  62  4:59  Gateway  
  62  5:01  Probe, Twilight Council  
  62  5:02  Probe  
  64  5:25  Oracle (Chrono Boost)  
  64  5:26  Adept x2  
  68  5:42  Templar Archives  
  68  5:43  Resonating Glaives  
  68  5:44  Adept  
  67  6:01  Probe  
  67  6:02  Probe  
  67  6:09  Adept x3  
  73  6:14  Pylon  
  73  6:19  Probe  
  73  6:20  Probe, Pylon  
  73  6:23  Adept  
  77  6:29  Probe  
  78  6:32  Probe  
  79  6:41  Adept x3  
  79  6:42  Adept  
  79  6:43  Psionic Storm  
  87  6:52  Robotics Facility  
  87  6:53  Adept  
  89  7:04  Probe  
  89  7:06  Probe  
  91  7:16  Adept  
  91  7:18  Probe  
  91  7:20  Nexus  
  91  7:24  Pylon  
  91  7:28  Pylon  
  91  7:29  High Templar x2  
  92  7:30  Pylon, High Templar  
  94  7:37  Pylon  
  94  7:42  Forge  
  94  7:47  Adept x2  
  98  7:53  Gateway  
  98  7:56  Gateway  
  98  7:57  Gateway  
  98  8:02  Warp Prism  
  100  8:06  Adept x3  
  100  8:10  Probe  
  100  8:11  Probe  
  108  8:20  Probe, Protoss Ground Weapons Level 1  
  108  8:23  Probe  
  108  8:24  Forge  
  108  8:25  High Templar x2  
  114  8:28  Adept x3  
  114  8:31  Probe x2  
  122  8:35  Probe  
  123  8:42  Observer  
  123  8:43  Photon Cannon  
  123  8:44  Photon Cannon  
  124  8:53  Probe  
  124  8:54  Probe  
  126  8:58  Assimilator  
  126  9:00  Assimilator  
  126  9:02  Photon Cannon  
  126  9:03  Observer, Photon Cannon  
  125  9:12  Adept x5  
  120  9:33  Adept  
  120  9:34  Adept x6  
  130  9:39  Archon  
  130  9:40  Archon  
  128  9:55  Adept x3  
  128  9:57  Adept  
  128  9:58  Probe x2  
  128  9:59  Probe  
  139  10:08  Probe  
  139  10:11  Probe  
  140  10:34  Pylon  
  140  10:35  Pylon  
  140  10:39  Pylon, Protoss Ground Weapons Level 2  
  140  10:44  Probe  
  140  10:48  Gateway  
  140  10:49  Probe x2, Gateway  
  141  10:52  Gateway  
  141  10:54  Stalker x3  
  141  10:55  Stalker x3  
  145  11:00  Immortal  
  149  11:05  Fleet Beacon  
  149  11:06  Stargate  
  149  11:08  Stargate  
  149  11:18  High Templar x3  
  155  11:20  High Templar  
  157  11:31  Nexus  
  157  11:33  Pylon  
  157  11:35  Mothership Core  
  157  11:39  Observer, Pylon  
  160  11:40  High Templar  
  160  11:42  Pylon  
  162  11:57  Tempest (Chrono Boost)  
  162  12:00  Warp Prism  
  168  12:04  Photon Cannon  
  168  12:06  Photon Cannon  
  168  12:15  Protoss Ground Armor Level 1  
  168  12:16  Tempest (Chrono Boost)  
  176  12:38  Tempest (Chrono Boost)  
  176  12:42  Tempest (Chrono Boost)  
  180  12:57  Tempest (Chrono Boost)  
  184  13:02  Immortal  
  188  13:12  Probe  
  188  13:14  Probe x2  
  188  13:17  Assimilator  
  191  13:21  Adept x3  
  191  13:22  Adept, Assimilator  
  198  14:07  Nexus  
  198  14:09  Pylon  
  199  14:10  Observer  
  191  14:19  Tempest x2 (Chrono Boost)  
  182  14:31  Observer  
  164  14:40  Adept x3  
  164  14:41  Adept x5  
  180  14:50  Tempest (Chrono Boost)  
  152  14:56  Tempest (Chrono Boost)  
  152  14:59  Observer  
  151  15:06  High Templar x5  
  159  15:08  Adept x5  
  169  15:20  Observer  
  168  15:34  Adept x5  
  174  15:41  Immortal  
  142  15:46  Tempest (Chrono Boost)  
  114  16:07  Void Ray (Chrono Boost)  
  122  16:12  Void Ray (Chrono Boost)  
  120  16:34  Robotics Facility  
  120  16:37  Robotics Facility  
  110  16:46  Immortal  
  112  16:55  Robotics Facility  
  112  17:02  Adept x4  
  112  17:07  Adept x4  
  128  17:13  Protoss Ground Weapons Level 3  
  128  17:23  Immortal  
  128  17:26  Immortal  
  124  17:50  Immortal  
  128  17:53  Adept x4  
  128  17:54  Adept x2  
  128  17:57  Pylon  
  140  17:59  Mothership Core  
  140  18:01  Protoss Ground Armor Level 2  
  140  18:02  Immortal (Chrono Boost)  
  146  18:06  Assimilator  
  146  18:07  Assimilator  
  146  18:09  Photon Cannon  
  146  18:11  Photon Cannon  
  146  18:13  Photon Cannon  
  146  18:19  Immortal (Chrono Boost)  
  160  18:34  Immortal (Chrono Boost)  
  160  18:35  Adept x3  
  166  18:50  Adept x4  
  168  19:03  Immortal (Chrono Boost)  
  168  19:04  Adept x2  
  168  19:05  Adept x2  
  168  19:07  Immortal (Chrono Boost)  
  176  19:16  Nexus  
  178  19:18  Warp Prism (Chrono Boost)  
  177  19:33  Pylon  
  177  19:37  Immortal (Chrono Boost)  
  184  19:46  Photon Cannon  
  184  19:47  Immortal (Chrono Boost), Photon Cannon  
  184  19:50  Photon Cannon  
  188  19:54  Photon Cannon  
  188  19:55  Immortal (Chrono Boost)  
  188  20:05  Adept  
  188  20:06  Adept x2  
  194  20:11  Immortal (Chrono Boost)  
  192  20:19  Adept x3  
  192  20:20  Adept x2  
  183  20:32  Adept x3  
Tags
 
Add a new tag
Caveats
  • Supply blocks, unpowered buildings, or Contaminate may cause inaccurate times.
  • Supply counts are checked every 10 seconds.